 Dungeon Crawl Stone Soup version 0.28-a0-10-g964c8b8 (webtiles) character file.

Game seed: 10822540131279542807

202 Dorkslayer the Shield-Bearer (level 5, 0/46 HPs)
             Began as a Hill Orc Fighter on July 25, 2021.
             Slain by an adder (1 damage)
             ... in a sewer.
             The game lasted 00:06:31 (1814 turns).

Dorkslayer the Shield-Bearer (Hill Orc Fighter)     Turns: 1814, Time: 00:06:31

Health: 0/46       AC:  7    Str: 18 (20) XL:     5   Next: 80%
Magic:  5/5        EV:  7    Int:  6 (8)  God:
Gold:   86         SH: 14    Dex:  9 (10) Spells: 4/4 levels left

rFire   . . .      SeeInvis +   a - +0 long sword
rCold   . . .      Faith    .   c - +0 kite shield
rNeg    . . .      Spirit   .   b - +0 scale mail
rPois   .          Reflect  +   (no helmet)
rElec   .          Harm     .   (no cloak)
rCorr   .          Rampage  .   (no gloves)
Will    .....                   (no boots)
Stlth   ..........              j - amulet of reflection
HPRegen 0.15/turn               p - ring of see invisible
MPRegen 0.09/turn               (no ring)

@: no status effects
A: no striking features
a: no special abilities


You were in a sewer.
You visited 1 branch of the dungeon, and saw 3 of its levels.
You also visited: Sewer.

You collected 86 gold pieces.

Inventory:

Hand Weapons
 a - a +0 long sword (weapon)
Missiles
 n - a throwing net (quivered)
 o - 19 poisoned darts
Armour
 b - a +0 scale mail (worn)
 c - a +0 kite shield (worn)
 g - a +0 tower shield
Jewellery
 j - an amulet of reflection (around neck)
 p - a ring of see invisible (left hand)
Scrolls
 d - a scroll of enchant weapon {unknown}
 e - 2 scrolls of identify
 f - a scroll of amnesia {unknown}
 h - a scroll of holy word
 k - a scroll of acquirement {unknown}
 l - a scroll of enchant armour {unknown}
 m - 2 scrolls of fear


   Skills:
 + Level 4.1 Fighting
 + Level 4.2 Long Blades
 + Level 4.4 Armour
 + Level 0.3 Dodging
 + Level 4.4 Shields


You had 4 spell levels left.
You didn't know any spells.
Your spell library contained the following spells:

 Spells                   Type           Power      Damage    Failure   Level
 Corona                   Hex            0%         N/A       99%         1
 Ensorcelled Hibernation  Hex/Ice        0%         N/A       100%        2
 Tukima's Dance           Hex            0%         N/A       100%        3


Dungeon Overview and Level Annotations

Branches:
Dungeon (3/15)              Sewer (1/1)

Altars:

Shops:
D:3 !


Message History

The adder is severely wounded.
You block the adder's attack. The adder bites you.
* * * LOW HITPOINT WARNING * * *
You closely miss the adder.
The adder is severely wounded.
You block the adder's attack. The adder barely misses you.
You completely miss the adder.
The adder is severely wounded.
You block the adder's attack. The adder bites you.
* * * LOW HITPOINT WARNING * * *
You are poisoned.
The adder poisons you!
Your shield prevents you from hitting the adder.
The adder is severely wounded.
You feel very sick. You block the adder's attack. The adder bites you.
* * * LOW HITPOINT WARNING * * *
You miss the adder.
The adder is heavily wounded.
* * * LOW HITPOINT WARNING * * *
You feel sick. You block the adder's attack.
It was a potion of degeneration.
There was something very wrong with that liquid.
You feel weakened.
You feel dopey.
You feel clumsy.
* * * LOW HITPOINT WARNING * * *
You feel sick. You block the adder's attack. The adder closely misses you.
You hit the adder.
The adder is severely wounded.
* * * LOW HITPOINT WARNING * * *
You feel sick. You block the adder's attack. x2
You barely miss the adder.
The adder is severely wounded.
* * * LOW HITPOINT WARNING * * *
You feel sick.
You are no longer poisoned.
The adder bites you but does no damage.
You hit the adder.
The adder is almost dead.
You block the adder's attack. The adder bites you.
You die...

≈≈≈≈≈≈ ≈≈≈≈≈ ≈≈ ≈≈≈≈≈≈
≈≈≈≈≈
###≈#######≈#≈##########
≈P≈≈P≈P..P≈≈≈≈≈P....P...
.≈≈≈≈≈≈...≈P≈≈≈......P..
.P≈≈.......≈.PP.........
...P....................
........................
......S@........####....
...............## #####
##............##
###.####..#### ## ####


You could see an adder.

Vanquished Creatures
  A kobold brigand (Sewer)
  An orc priest (D:3)
  3 gnolls (D:2)
  A river rat (D:3)
  An adder (D:2)
  A worm (D:3)
  A dart slug (D:1)
  4 orcs (D:3)
  3 bats
  7 endoplasms
  4 giant cockroaches
  4 goblins
  3 hobgoblins
  6 ball pythons
  4 frilled lizards
  4 kobolds
  5 rats
53 creatures vanquished.

Vanquished Creatures (others)
  A plant (Sewer)
1 creature vanquished.

Grand Total: 54 creatures vanquished

Notes
Turn   | Place    | Note
-------+----------+-------------------------------------------
     0 | D:1      | Dorkslayer the Hill Orc Fighter began the quest for the
                  | Orb.
     0 | D:1      | Reached XP level 1. HP: 19/19 MP: 1/1
   151 | D:1      | Reached XP level 2. HP: 26/27 MP: 2/2
   837 | D:2      | Reached XP level 3. HP: 33/33 MP: 3/3
  1030 | D:2      | Found a faded altar of an unknown god.
  1102 | D:2      | Reached XP level 4. HP: 38/40 MP: 4/4
  1392 | D:3      | Found Hufeoqam's Distillery.
  1508 | D:3      | Reached XP level 5. HP: 18/46 MP: 5/5
  1525 | D:3      | Found a glowing drain.
  1535 | Sewer    | Entered a sewer
  1750 | Sewer    | Noticed a kobold brigand
  1759 | Sewer    | Killed a kobold brigand
  1812 | Sewer    | HP: 2/46 [poisoned by an adder]
  1814 | Sewer    | Slain by an adder

Illustrated notes

Levels and vault maps discovered:
D:1:      tarquinn_simple_flora_water_a, layout_loops_ring
D:2:      layout_basic, hellmonk_ecumenical_altar_arch_garden
D:3:      layout_rooms, yredelemnul_forgotten_temple_becter, serial_shops, shop,
          portal_sewer_entry_e
Sewer:    kennysheep_pipe_town

Skill      XL: |  1  2  3  4  5 |
---------------+----------------+-----
Long Blades    | 3 4 |  4.2
Fighting       | 4 |  4.1
Armour         | 4 |  4.4
Shields        | 4 |  4.4
Dodging        | |  0.3

Action                   |  1- 3 |  4- 6 || total
-------------------------+-------+-------++-------
Melee: Long sword        |    70 |    92 ||   162
  Use: Scroll            |       |     4 ||     4
       Potion            |       |     3 ||     3
Armor: Scale mail        |    24 |    28 ||    52
Dodge: Dodged            |    17 |    17 ||    34
Block: Kite shield       |    49 |    85 ||   134
       Reflection        |     3 |       ||     3
       Rpst.: Long sword |     4 |     5 ||     9

Table legend: (Time is in decaauts)
 A = Elapsed time spent in this place.
 B = Non-inter-level travel time spent in this place.
 C = Inter-level travel time spent in this place.
 D = Time resting spent in this place.
 E = Time spent auto-exploring this place.
 F = Levels seen in this place.
 G = Mean time per level.
                   A        B        C        D        E       F      G
               +--------+--------+--------+--------+--------+-----+--------+
         Total |   1902 |   1890 |     12 |    181 |    408 |   4 |  475.5 |
       Dungeon |   1598 |   1586 |     12 |      0 |    408 |   3 |  532.7 |
         Sewer |    303 |    303 |      0 |    181 |      0 |   1 |  303.0 |
               +--------+--------+--------+--------+--------+-----+--------+

Top non-repeatable levels by time:
     D:1: 782 daAuts
     D:2: 641 daAuts
   Sewer: 303 daAuts
     D:3: 175 daAuts
